 Dungeon Crawl Stone Soup version 0.30-a0-1016-gfb0d676c02 (webtiles) character file.

Game seed: 17375261610147583318

47 Newt the Shooter (level 3, -3/36 HPs)
             Began as a Kobold Hunter on Apr 6, 2023.
             Slain by an orc warrior
             ... wielding a +0 war axe
              (12 damage)
             ... on level 3 of the Dungeon.
             The game lasted 00:01:15 (2215 turns).

Newt the Shooter (Kobold Hunter)                    Turns: 2215, Time: 00:01:16

Health: -3/36      AC: 21    Str:  8    XL:     3   Next: 97%
Magic:  3/3        EV:  3    Int: 10    God:
Gold:   130        SH:  0    Dex: 20    Spells: 2/2 levels left

rFire   . . .      SeeInvis .    a - +1 shortbow
rCold   . . .      Faith    .    (shield currently unavailable)
rNeg    . . .      Spirit   .    c - melded +0 leather armour
rPois   +          Reflect  .    (helmet currently unavailable)
rElec   .          Rampage  .    f - melded +0 cloak
rCorr   +          NoTele   +    (gloves currently unavailable)
Will    .....                    (boots currently unavailable)
Stlth   +++                      (no amulet)
HPRegen 0.26/turn                j - ring of resist corrosion
MPRegen 0.08/turn                (no ring)

@: tree-form
A: stationary, stasis, torment immunity, boosted hp, small, no large weapons,
nightstalker 3
a: no special abilities


You were on level 3 of the Dungeon.
You were a tree.
You visited 1 branch of the dungeon, and saw 3 of its levels.

You collected 130 gold pieces.

Inventory:

Hand Weapons
 a - a +1 shortbow (weapon)
Armour
 c - a +0 leather armour (melded)
 f - a +0 cloak (melded)
Jewellery
 d - a ring of protection from fire
 j - a ring of resist corrosion (left branch)
Scrolls
 b - a scroll of immolation
 l - a scroll of noise
Potions
 e - a potion of lignification
 g - a potion of curing {unknown}
 h - 2 potions of brilliance {unknown}
 i - a potion of magic {unknown}
 k - a potion of mutation {unknown}
 m - a potion of ambrosia {unknown}


   Skills:
 + Level 4.3 Fighting
 - Level 5.3 Ranged Weapons
 - Level 2.4 Dodging
 - Level 1.3 Stealth


You had 2 spell levels left.
You didn't know any spells.
Your spell library contained the following spells:

 Spells                   Type           Power      Damage    Failure   Level
 Blink                    Tloc           0%         N/A       50%         2
 Ignite Poison            Fire/Tmut/Pois 0%         N/A       75%         3
 Ozocubu's Armour         Ice            0%         N/A       75%         3
 Manifold Assault         Tloc           0%         N/A       98%         4
 Sticky Flame             Conj/Fire      0%         2d3       98%         4
 Metabolic Englaciation   Hex/Ice        0%         N/A       100%        5
 Simulacrum               Ice/Necr       0%         N/A       100%        6
 Storm Form               Tmut/Air       0%         N/A       100%        7
 Ignition                 Fire           0%         3d3       100%        8


Dungeon Overview and Level Annotations

Branches:
Dungeon (3/15)

Altars:


Innate Abilities, Weirdness & Mutations

You are a tree.
Your roots penetrate the ground, keeping you stationary.
You cannot be teleported.
You are immune to unholy pain and torment.
Your maximum health is greatly increased.
Your equipment is partially melded.
You are small and have problems with some larger weapons.
You are completely attuned to the shadows.


Message History

The orc warrior is lightly wounded.
The orc warrior closely misses you.
Unknown command.
You shoot an arrow. The arrow hits the orc warrior.
The orc warrior is moderately wounded.
You shoot an arrow.
The arrow barely misses the orc warrior.
The orc warrior barely misses you. The frilled lizard barely misses you.
The orc hits you from afar with a +0 trident.
The frilled lizard attacks as you move away!
The frilled lizard misses you.
Unknown command.
You shoot an arrow.
The arrow barely misses the orc warrior.
The arrow closely misses the orc.
The orc hits you from afar with a +0 trident.
The orc warrior hits you but does no damage.
The orc misses you. The frilled lizard closely misses you.
You shoot an arrow. The arrow hits the orc warrior!
The orc warrior is heavily wounded.
The frilled lizard bites you. The orc closely misses you.
The orc warrior hits you with a +0 war axe!
You are too injured to fight recklessly!
You are too injured to fight recklessly!
You are too injured to fight recklessly!
Unknown command.
You shoot an arrow.
The arrow barely misses the orc warrior.
The orc warrior hits you with a +0 war axe.
* * * LOW HITPOINT WARNING * * *
The frilled lizard misses you. The orc misses you.
Unknown command.
It was a potion of lignification.
You turn into a tree.
Your +0 cloak melds into your body.
Your +0 leather armour melds into your body.
Your roots penetrate the ground.
The frilled lizard bites you but does no damage.
The orc barely misses you.
The orc warrior hits you with a +0 war axe!
You die...

........[............#.#.#
...)..##############.#.#.#
.......†.... #....
......###### ###.#
............ #.#
.......### #.# ###.#..###
#.# #.##...## #.# #
#.#♣o## #.##l.# #.###o#
#.# #..# ##... ##.. .#


You could see an orc warrior, an orc and a frilled lizard.

Vanquished Creatures
  2 worms (D:2)
  An orc (D:3)
  6 ball pythons
  2 giant cockroaches
  4 goblins
  4 hobgoblins
  3 jackals (D:1)
  3 kobolds (D:2)
  2 quokkas (D:2)
  2 bats
  2 frilled lizards (D:2)
  3 rats
34 creatures vanquished.

Vanquished Creatures (others)
  10 plants (D:2)
10 creatures vanquished.

Grand Total: 44 creatures vanquished

Notes
Turn   | Place    | Note
-------+----------+-------------------------------------------
     0 | D:1      | Newt the Kobold Hunter began the quest for the Orb.
     0 | D:1      | Reached XP level 1. HP: 12/12 MP: 1/1
   465 | D:1      | Reached XP level 2. HP: 18/18 MP: 2/2
  1220 | D:2      | Reached XP level 3. HP: 23/23 MP: 3/3
  2204 | D:3      | Noticed an orc warrior
  2215 | D:3      | Slain by an orc warrior

Illustrated notes

Levels and vault maps discovered:
D:1:      dpeg_arrival_rooms_c, layout_basic
D:2:      layout_loops_ring, serial_rivers, chequers_serial_rivers_micro_e,
          chequers_serial_rivers_small_3, chequers_serial_rivers_room_b,
          chequers_serial_rivers_micro_a, chequers_serial_rivers_micro_b,
          chequers_serial_rivers_micro_c, amcnicky_mini_rare_corridor_liquid,
          serial_bayou_ford_a
D:3:      layout_basic, minitemple, minmay_misc_feat_chi, uniq_terence

Skill      XL: |  1  2  3 |
---------------+----------+-----
Fighting       | 3 4 |  4.3
Ranged Weapons | |  5.3
Dodging        | |  2.4
Stealth        | |  1.3

Action                     || total
---------------------------++-------
   Fire: Shortbow          ||    91
    Use: Scroll            ||     5
         Potion            ||     1
 Armour: Leather armour    ||    14
         Skin              ||     1
  Dodge: Dodged            ||    42

Table legend: (Time is in decaauts)
 A = Elapsed time spent in this place.
 B = Non-inter-level travel time spent in this place.
 C = Inter-level travel time spent in this place.
 D = Time resting spent in this place.
 E = Time spent auto-exploring this place.
 F = Levels seen in this place.
 G = Mean time per level.
                   A        B        C        D        E       F      G
               +--------+--------+--------+--------+--------+-----+--------+
         Total |   2257 |   2135 |    122 |    347 |   1585 |   3 |  752.3 |
       Dungeon |   2257 |   2135 |    122 |    347 |   1585 |   3 |  752.3 |
               +--------+--------+--------+--------+--------+-----+--------+

Top non-repeatable levels by time:
     D:2: 1173 daAuts
     D:1: 914 daAuts
     D:3: 169 daAuts
